 Dungeon Crawl Stone Soup version 0.19.4 (webtiles) character file.

80 volk64 the Sneak (level 4, -2/29 HPs)
             Began as an Octopode Assassin on Feb 3, 2017.
             Was a Follower of Cheibriados.
             Slain by a gnoll
             ... wielding a +0 spear
              (8 damage)
             ... on level 3 of the Dungeon.
             The game lasted 00:06:45 (1794 turns).

volk64 the Sneak (Octopode Assassin)                Turns: 1794, Time: 00:06:46

Health: -2/29      AC:  1    Str: 11 (12) XL:     4   Next: 39%
Magic:  1/4        EV: 16    Int: 13 (15) God:    Cheibriados [*.....]
Gold:   121        SH:  0    Dex: 15 (16) Spells: 0 memorised, 3 levels left

rFire  . . .     SeeInvis .     k - -2 spear (curse)
rCold  . . .     Gourm    .     (no shield)
rNeg   . . .     Faith    .     (helmet restricted)
rPois  .         Spirit   .     (no amulet)
rElec  .         Reflect  .     i - +3 ring of evasion
rCorr  .         Harm     .     (no ring)
MR     .....                    (no ring)
Stlth  +++++.....               (no ring)
                                (no ring)
                                (no ring)
                                (no ring)
                                (no ring)

@: very slow
A: almost no armour, stealthy swim, amphibious, 8 rings, constrict 8, camouflage
1, gelatinous body 1
a: Bend Time, Renounce Religion


You were on level 3 of the Dungeon.
You worshipped Cheibriados.
Cheibriados was aware of your devotion.
You were not hungry.

You visited 1 branch of the dungeon, and saw 3 of its levels.

You collected 121 gold pieces.

Inventory:

Hand Weapons
 a - a +2 dagger
 b - a +0 blowgun
 e - a +2 short sword of electrocution
 k - a cursed -2 spear (weapon)
Missiles
 c - 13 poisoned needles
 d - 2 curare-tipped needles
Jewellery
 i - a +3 ring of evasion (left tentacle)
Scrolls
 h - a scroll of recharging {unknown}
 l - a scroll of identify
 m - a scroll of teleportation {unknown}
 p - a scroll of blinking {unknown}
Potions
 o - a potion of lignification {unknown}
Comestibles
 f - 2 bread rations
 g - a fruit
 j - a slice of pizza
 n - 2 chunks of flesh


   Skills:
 + Level 2.1 Fighting
 + Level 2.4 Short Blades
 + Level 2.2 Throwing
 + Level 1.4 Dodging
 + Level 7.2 Stealth


You had 3 spell levels left.
You didn't know any spells.

Dungeon Overview and Level Annotations

Branches:
Dungeon (3/15)

Altars:
Cheibriados
Nemelex Xobeh

Annotations:
D:3 volk64's ghost, weakling SpEn


Innate Abilities, Weirdness & Mutations

You cannot wear most types of armour.
You are very stealthy in the water. (Stealth+)
You are amphibious.
You can wear up to eight rings at the same time.
You can use your tentacles to constrict eight enemies at once.
Your skin changes colour to match your surroundings (Stealth+).
Your rubbery body absorbs attacks. (AC +1, EV +1)


Message History

Cheibriados appreciates the change of pace.
The centaur wields a shortbow.
The centaur shoots an arrow.
The arrow misses you. The gnoll completely misses you.
The flow of time bends around you.
You feel slightly more hungry.
The centaur shoots an arrow.
The arrow closely misses you.
The gnoll hits you from afar with a spear.
* * * LOW HITPOINT WARNING * * *
The centaur shoots an arrow.
The arrow barely misses you.
The centaur shoots an arrow.
The arrow completely misses you.
A rat comes into view.
You see here an arrow.
The gnoll barely misses you.
Some of the chunks of flesh in your inventory have rotted away.
Attack whom?
Press: ? - help, Dir - move target cursor, f - gnoll
Aim: a gnoll, wielding a spear You reach to attack!
You hit the gnoll.
The gnoll is moderately wounded.
The gnoll hits you from afar with a spear!
You die...

########################
#.....#.......†).)......
#.#...#.###########..W..
#.#.#...................
#.#.#.#@##########..####
#.#<#.#.# #... #.###.#g#
#.... #.....#c# #.....
#######r# #g....#
............... ..K...#
........#...... .......
........#.(....
.##.##### .....


You could see a centaur, a gnoll and a rat.

Vanquished Creatures
  2 gnolls (D:3)
  An ooze (D:2)
  A dart slug (D:1)
  3 leopard geckos (D:2)
  5 giant cockroaches
  6 goblins
  2 hobgoblins (D:2)
  5 jackals (D:1)
  10 kobolds
  A quokka (D:2)
  3 bats
  2 frilled lizards (D:2)
  8 rats
49 creatures vanquished.

Notes
Turn   | Place    | Note
-------+----------+-------------------------------------------
     0 | D:1      | volk64 the Octopode Assassin began the quest for the Orb.
     0 | D:1      | Reached XP level 1. HP: 14/14 MP: 1/1
   276 | D:1      | Reached XP level 2. HP: 19/19 MP: 2/2
   343 | D:1      | Reached skill level 6 in Stealth
   472 | D:1      | Reached XP level 3. HP: 24/24 MP: 3/3
   543 | D:1      | Found a snail-covered altar of Cheibriados.
   574 | D:1      | Became a worshipper of Cheibriados the Contemplative
   903 | D:2      | Found a sparkling altar of Nemelex Xobeh.
  1422 | D:2      | Reached * piety under Cheibriados
  1583 | D:3      | Reached XP level 4. HP: 26/29 MP: 4/4
  1609 | D:3      | Reached skill level 7 in Stealth
  1670 | D:3      | Noticed volk64's ghost (weakling SpEn)
  1780 | D:3      | Noticed a centaur
  1794 | D:3      | Slain by a gnoll

Skill      XL: |  1  2  3  4 |
---------------+-------------+-----
Stealth        | 6 7 |  7.2
Fighting       | |  2.1
Short Blades   | |  2.4
Throwing       | |  2.2
Dodging        | |  1.4

Action                   |  1- 3 |  4- 6 || total
-------------------------+-------+-------++-------
Melee: Dagger            |    31 |       ||    31
       Constrict         |    19 |     2 ||    21
       Tentacles         |    14 |     3 ||    17
       Spear             |    59 |    17 ||    76
Invok: Bend Time         |       |     1 ||     1
  Use: Scroll            |     3 |       ||     3
       Potion            |     3 |       ||     3
 Stab: Sleeping          |    15 |     1 ||    16
       Distracted        |     2 |     1 ||     3
  Eat: Chunk             |     2 |       ||     2
       Fruit             |     1 |       ||     1
Armor: Skin              |     6 |       ||     6
Dodge: Dodged            |    50 |    22 ||    72
